 Dungeon Crawl Stone Soup version 0.18-a0-1778-gadce9fa (webtiles) character file.

379 Zhenya25pyc the Cudgeler (level 6, -2/40 HPs)
             Began as a Gargoyle Fighter on Apr 16, 2016.
             Killed by divine providence
             ... invoked by an orc priest
              (9 damage)
             ... on level 3 of the Dungeon.
             The game lasted 00:04:38 (2157 turns).

Zhenya25pyc the Cudgeler (Gargoyle Fighter)         Turns: 2157, Time: 00:04:39

Health: -2/40      AC: 11    Str: 22    XL:     6   Next: 74%
Magic:  6/6        EV:  7    Int:  8    God:
Gold:   147        SH:  9    Dex:  9    Spells: 0 memorised, 5 levels left

rFire  . . .     SeeInvis .     a - +0 flail
rCold  . . .     Gourm    .     b - +0 scale mail
rNeg   + . .     Faith    .     c - +0 shield
rPois  ∞         Spirit   .     (no helmet)
rElec  +         Dismiss  .     (no cloak)
rCorr  .         Reflect  .     (no gloves)
SustAt .         Harm     .     (no boots)
MR     .....                    v - amulet of magic regeneration
Stlth  ..........               (no ring)
                                (no ring)

@: not resistant to hostile enchantments, extremely unstealthy
A: negative energy resistance 1, electricity resistance, unbreathing,
petrification resistance, rot immunity, AC +4
a: no special abilities


You were on level 3 of the Dungeon.
You were hungry.

You visited 1 branch of the dungeon, and saw 3 of its levels.

You collected 147 gold pieces.

Inventory:

Hand Weapons
 a - a +0 flail (weapon)
Armour
 b - a +0 scale mail (worn)
 c - a +0 shield (worn)
Jewellery
 v - an amulet of magic regeneration (around neck)
Scrolls
 e - 2 scrolls of recharging {unknown}
 h - 2 scrolls of amnesia {unknown}
 l - a scroll of magic mapping {unknown}
 n - a scroll of remove curse {unknown}
 s - a scroll of enchant weapon {unknown}
 u - a scroll of immolation {unknown}
Potions
 d - a potion of might
 g - a potion of agility {unknown}
 k - a potion of lignification {unknown}
 m - 2 potions of brilliance {unknown}
 o - a potion of magic {unknown}
 p - a potion of cancellation {unknown}
 r - a potion of heal wounds {unknown}
 t - a potion of haste {unknown}
Comestibles
 f - 2 bread rations
 i - a royal jelly
 j - 2 beef jerkies
 q - 4 meat rations


   Skills:
 + Level 4.8 Fighting
 * Level 5.3 Maces & Flails
 + Level 4.7 Armour
 - Level 3.2 Shields


You had 5 spell levels left.
You didn't know any spells.

Dungeon Overview and Level Annotations

Branches:
Dungeon (3/15)

Altars:
Sif Muna


Innate Abilities, Weirdness & Mutations

You are resistant to torment.
Your stone body is resilient (AC +4).
You are immune to poison.
You resist negative energy.
You are resistant to electric shocks.
You can survive without breathing.
You are immune to petrification.
You are immune to rotting.


Message History

The orc throws a tomahawk.
The tomahawk barely misses you.
You see here a tomahawk.
The orc priest calls down the wrath of Beogh upon you.
Beogh smites you!
The giant newt hisses menacingly.
The giant newt bites you but does no damage.
The orc priest mumbles some strange prayers to Beogh against you.
Beogh smites you!
* * * LOW HITPOINT WARNING * * *
The orc priest casts a cantrip, but nothing happens.
The orc priest casts a cantrip, but nothing happens.
The giant newt hisses menacingly.
Things that are here:
a club; a goblin skeleton You barely miss the orc.
The orc hits you but does no damage.
You sock the orc!
You kill the orc!
The orc priest mumbles some strange prayers to Beogh against you.
Beogh smites you!
You die...

........#...# #........
........#...####........
...............#........
..######.......#.....#..
..#.............##......
................##.##.##.##
...........o....##.# ......
............oo.l##.##......
....g###....####@..........
.....# #....# #..........
.(..o# ♣....♣ #..........
#...g# ♣...♣♣ #.....##..#
#...o# ♣♣.♣♣ #.....###.#
###..# .♣♣ #.........##.
.....# ♣♣ ###.#.......###
....(# #.#.........# ....(#
###.#.........#


You could see an orc priest, 2 orcs and a giant newt.

Vanquished Creatures
  Sigmund (D:2)
  The ghost of grom234 the Shield-Bearer, a weakling FoFi (D:3)
  Jessica (D:2)
  A gnoll (D:1)
  8 adders
  An ooze (D:1)
  2 worms (D:2)
  3 dart slugs
  3 giant geckos
  An orc (D:3)
  6 goblins
  5 hobgoblins
  7 jackals
  A quokka (D:2)
  2 ball pythons
  7 bats
  3 giant newts
  4 kobolds
  4 rats
61 creatures vanquished.

Notes
Turn   | Place    | Note
--------------------------------------------------------------
     0 | D:1      | Zhenya25pyc the Gargoyle Fighter began the quest for the Orb.
     0 | D:1      | Reached XP level 1. HP: 14/14 MP: 1/1
   313 | D:1      | Reached XP level 2. HP: 19/19 MP: 2/2
   360 | D:1      | Reached XP level 3. HP: 9/24 MP: 3/3
   601 | D:1      | Reached skill level 3 in Maces & Flails
  1088 | D:2      | Noticed Sigmund
  1107 | D:2      | Killed Sigmund
  1107 | D:2      | Reached skill level 4 in Maces & Flails
  1107 | D:2      | Reached XP level 4. HP: 29/30 MP: 4/4
  1107 | D:2      | Reached XP level 5. HP: 33/34 MP: 5/5
  1148 | D:2      | Found a faded altar to an unknown god.
  1286 | D:2      | Reached XP level 6. HP: 32/39 MP: 6/6
  1384 | D:2      | Noticed Jessica
  1389 | D:2      | Killed Jessica
  1623 | D:2      | Found a deep blue altar of Sif Muna.
  1731 | D:3      | Reached skill level 5 in Maces & Flails
  1766 | D:3      | Noticed grom234's ghost (weakling FoFi)
  1808 | D:3      | Killed grom234's ghost
  2157 | D:3      | Killed from afar by an orc priest

Vault maps used:
D:1:      minmay_arrival_checkered_box, minmay_stone_trees_medium,
          minmay_distorted
D:2:      nicolae_overflow_hidden_temple, ecumenical_altar_2, first_bread,
          uniq_jessica, uniq_sigmund
D:3:      uniq_crazy_yiuf_cottage

Skill      XL: |  1  2  3  4  5  6 |
---------------+-------------------+-----
Maces & Flails | 4 5 |  5.3
Fighting       | 4 |  4.8
Armour         | 4 |  4.7
Shields        | |  3.2

Action                   |  1- 3 |  4- 6 || total
-------------------------+-------+-------++-------
Melee: Flail             |   135 |   172 ||   307
  Eat: Chunk             |     1 |     3 ||     4
Armor: Scale mail        |   101 |    95 ||   196
Dodge: Dodged            |    47 |    52 ||    99
Block: Shield            |    92 |    99 ||   191
